 Dungeon Crawl Stone Soup version 0.28.0 (webtiles) character file.

Game seed: 18131264863147606027

957 crazypyro the Cleaver (level 8, -1/70 HPs)
             Began as a Hill Orc Berserker on Feb 10, 2022.
             Was a Believer of Trog.
             Splashed by a jelly's acid (9 damage)
             ... on level 5 of the Dungeon.
             The game lasted 00:04:06 (4481 turns).

crazypyro the Cleaver (Hill Orc Berserker)          Turns: 4481, Time: 00:04:08

Health: -1/70      AC: -3    Str: 22    XL:     8   Next: 14%
Magic:  8/8        EV: 12    Int:  7    God:    Trog [**....]
Gold:   233        SH:  0    Dex: 10    Spells: 7/7 levels left

rFire   . . .      SeeInvis .   a - +0 hand axe
rCold   . . .      Faith    .   (no shield)
rNeg    + . .      Spirit   .   c - +1 leather armour {rN+}
rPois   .          Reflect  .   (no helmet)
rElec   .          Harm     .   (no cloak)
rCorr   .          Rampage  .   (no gloves)
Will    .....                   (no boots)
Stlth   +.........              (no amulet)
HPRegen 0.21/turn               d - ring of flight
MPRegen 0.11/turn               (no ring)

@: corroded, flying
A: no striking features
a: Renounce Religion, Berserk, Trog's Hand


You were on level 5 of the Dungeon.
You worshipped Trog.
Trog was pleased with you.
You visited 1 branch of the dungeon, and saw 5 of its levels.

You collected 233 gold pieces.

Inventory:

Hand Weapons
 a - a +0 hand axe (weapon)
 o - a +1 vampiric dagger
 s - a +0 morningstar
Missiles
 r - a throwing net (quivered)
Armour
 b - a +0 animal skin
 c - a +1 leather armour of positive energy (worn)
Jewellery
 d - a ring of flight (left hand)
Scrolls
 f - 3 scrolls of identify {unknown}
 h - a scroll of acquirement {unknown}
 i - a scroll of blinking {unknown}
 j - a scroll of fog {unknown}
 k - a scroll of fear {unknown}
 m - a scroll of immolation {unknown}
 p - a scroll of enchant weapon {unknown}
 t - a scroll of brand weapon {unknown}
Potions
 e - a potion of brilliance {unknown}
 g - a potion of lignification {unknown}
 l - 2 potions of might {unknown}
 n - a potion of mutation {unknown}
 q - a potion of curing {unknown}
 u - 2 potions of flight {unknown}


   Skills:
 + Level 6.1 Fighting
 * Level 8.4 Axes
 + Level 4.9 Armour
 + Level 3.7 Dodging


You had 7 spell levels left.
You didn't know any spells.
Your spell library was empty.

Dungeon Overview and Level Annotations

Branches:
Dungeon (5/15)             Temple (0/1) D:4

Altars:
The Shining One

Shops:
D:4 *


Message History

You hit the ogre.
You kill the ogre!
Trog accepts your kill.
No target in view!
You hear a distant slurping noise.
A jelly comes into view.
A jelly is nearby!
A jelly is nearby!
A jelly is nearby!
The jelly quivers.
No target in view!
No target in view!
No target in view!
No target in view!
A jelly is nearby!
The jelly barely misses you.
You hit the jelly. The acid corrodes you!
Your hands burn!
The jelly is lightly wounded.
The jelly hits you.
You are splashed with acid!
You hit the jelly but do no damage.
Your hands burn!
The jelly is lightly wounded.
The jelly hits you.
You are splashed with acid!
You are too injured to fight recklessly!
You are too injured to fight recklessly!
You hit the jelly but do no damage. The acid corrodes you!
Your hands burn!
The jelly is lightly wounded.
The jelly hits you.
* * * LOW HITPOINT WARNING * * *
You are splashed with acid.
* * * LOW HITPOINT WARNING * * *
You hit the jelly.
Your hands burn!
* * * LOW HITPOINT WARNING * * *
The jelly is moderately wounded.
You hit the jelly.
Your hands burn!
* * * LOW HITPOINT WARNING * * *
The jelly is heavily wounded.
The jelly hits you.
* * * LOW HITPOINT WARNING * * *
You are splashed with acid!
You die...

#.#
#.###.#..#
#.##..#..#
#.##.##..#
#.#..##.##
###.......#
+.........#
####.....##
##.##J#
####@# #.##
#
#..#.#.#.#
#..)......
#.########
#.# #.# #.#
..#


You could see a jelly.

Vanquished Creatures
  Pikel (D:4)
  An ogre (D:5)
  A scorpion (D:4)
  A hound (D:4)
  A gnoll shaman (D:4)
  2 orc wizards (D:3)
  Robin (D:3)
  6 gnolls (D:4)
  8 adders
  4 worms
  A dart slug (D:1)
  3 orcs (D:3)
  5 endoplasms
  6 giant cockroaches
  23 goblins
  9 hobgoblins
  A quokka (D:3)
  8 ball pythons
  2 bats
  2 frilled lizards
  6 kobolds
  4 rats
96 creatures vanquished.

Vanquished Creatures (others)
  A ball python (D:4)
  A kobold (D:4)
2 creatures vanquished.

Grand Total: 98 creatures vanquished

Notes
Turn   | Place    | Note
-------+----------+-------------------------------------------
     0 | D:1      | crazypyro the Hill Orc Berserker began the quest for the
                  | Orb.
     0 | D:1      | Reached XP level 1. HP: 19/19 MP: 1/1
   214 | D:1      | Reached XP level 2. HP: 27/27 MP: 2/2
   719 | D:1      | Found a faded altar of an unknown god.
   719 | D:1      | Noticed an eye of devastation
   726 | D:1      | Noticed a shining eye
   729 | D:1      | Noticed a shining eye
   729 | D:1      | Noticed a shining eye
  1212 | D:2      | Reached XP level 3. HP: 30/33 MP: 3/3
  1485 | D:2      | Reached ** piety under Trog
  1811 | D:2      | Reached XP level 4. HP: 32/40 MP: 4/4
  1899 | D:2      | Found a glowing golden altar of the Shining One.
  2391 | D:3      | Reached skill level 5 in Axes
  2395 | D:3      | Reached XP level 5. HP: 34/47 MP: 5/5
  2704 | D:3      | Noticed Robin
  2720 | D:3      | Killed Robin
  3086 | D:4      | Reached skill level 6 in Axes
  3086 | D:4      | Reached XP level 6. HP: 29/55 MP: 6/6
  3313 | D:4      | HP: 1/55 [gnoll (11)]
  3337 | D:4      | HP: 2/55 [hound (4)]
  3340 | D:4      | Reached skill level 5 in Fighting
  3349 | D:5      | Entered Level 5 of the Dungeon
  3879 | D:4      | Found Raixt's Overcharged Wands.
  3900 | D:4      | Noticed Pikel
  3913 | D:4      | Killed Pikel
  3914 | D:4      | Reached skill level 8 in Axes
  3914 | D:4      | Reached XP level 7. HP: 60/63 MP: 7/7
  3914 | D:4      | Reached XP level 8. HP: 68/70 MP: 8/8
  4357 | D:4      | Found a staircase to the Ecumenical Temple.
  4481 | D:5      | Splashed by a jelly's acid

Illustrated notes

Levels and vault maps discovered:
D:1:      nagdon_arrival_zigzag_paths, layout_loops_ring,
          hellmonk_ecumenical_altar_watching_god, st_stairs_2
D:2:      layout_loops_ring, basic_altar, minivault_19, serial_bayou_pond_b,
          nicolae_wormholes
D:3:      layout_rooms, uniq_robin
D:4:      layout_rooms, lemuel_temple_firewalk_b, chequers_hall_statues_wall_a,
          nicolae_shop_overcharged_wands, uniq_pikel
D:5:      layout_loops_corners, minmay_misc_feat_tiny, abandoned_shop,
          minmay_small_thing, uniq_blork_the_orc, uniq_eustachio

Skill      XL: |  1  2  3  4  5  6 |
---------------+-------------------+-----
Fighting       | 4 6 |  6.1
Dodging        | 2 3 |  3.7
Armour         | 3 4 |  4.9
Axes           | 5 6 8 |  8.4

Action                   |  1- 3 |  4- 6 |  7- 9 || total
-------------------------+-------+-------+-------++-------
Melee: Hand axe          |   100 |   172 |    38 ||   310
       Punch             |       |     2 |       ||     2
Invok: Berserk           |       |     3 |       ||     3
       Trog's Hand       |       |     3 |       ||     3
 Stab: Sleeping          |       |     1 |       ||     1
Armor: Leather armour    |    24 |    50 |     9 ||    83
       Animal skin       |     3 |       |       ||     3
Dodge: Dodged            |    47 |   113 |    14 ||   174
